 Dungeon Crawl Stone Soup version 0.19-a0-1886-gd64a0f0 (webtiles) character file.

93 JeffiDaFish the Conjurer (level 4, -6/33 HPs)
             Began as a Draconian Conjurer on Oct 16, 2016.
             Mangled by an orc
             ... wielding a +0 war axe
              (9 damage)
             ... on level 3 of the Dungeon.
             The game lasted 00:11:38 (2978 turns).

JeffiDaFish the Conjurer (Draconian Conjurer)       Turns: 2978, Time: 00:11:41

Health: -6/33      AC:  8    Str: 11    XL:     4   Next: 36%
Magic:  2/7        EV: 13    Int: 15    God:
Gold:   149        SH:  0    Dex: 18    Spells: 3 memorised, 1 level left

rFire  . . .     SeeInvis .     f - -3 spear (curse)
rCold  . . .     Gourm    .     (armour unavailable)
rNeg   . . .     Faith    .     (no shield)
rPois  .         Spirit   .     (helmet restricted)
rElec  .         Dismiss  .     (no cloak)
rCorr  .         Reflect  .     h - +2 pair of gloves
MR     .....     Harm     .     (no boots)
Stlth  ++........               (no amulet)
                                (no ring)
                                c - +6 ring of dexterity

@: lethally poisoned (-6 -> -20)
A: unfitting armour, mutation resistance 1, cold-blooded, subdued magic 1, AC +5
a: no special abilities


You were on level 3 of the Dungeon.
You were not hungry.

You visited 1 branch of the dungeon, and saw 3 of its levels.

You collected 149 gold pieces.

Inventory:

Hand Weapons
 e - a +0 hand axe
 f - a cursed -3 spear (weapon)
Armour
 h - a +2 pair of gloves (worn)
Jewellery
 c - a +6 ring of dexterity (left hand)
Scrolls
 d - a scroll of enchant armour
Books
 a - a book of Conjurations

   Spells                             Type                      Level
   a - Magic Dart                     Conjuration                  1
   b - Searing Ray                    Conjuration                  2
   c - Dazzling Spray                 Conjuration/Hexes            3
   d - Fulminant Prism                Conjuration/Hexes            4
   e - Iskenderun's Mystic Blast      Conjuration                  4
   f - Iskenderun's Battlesphere      Conjuration/Charms           5
Comestibles
 b - 2 bread rations
 g - a beef jerky
 i - 3 chunks of flesh


   Skills:
 + Level 0.2 Fighting
 + Level 1.2 Polearms
 + Level 2.5 Dodging
 + Level 2.1 Stealth
 - Level 0.4 Unarmed Combat
 * Level 2.1 Spellcasting
 + Level 4.8 Conjurations
 + Level 0.5 Hexes


You had one spell level left.
You knew the following spells:

 Your Spells              Type           Power        Failure   Level  Hunger
a - Magic Dart            Conj           ##..         2%          1    #......
b - Searing Ray           Conj           ##....       4%          2    ###....
c - Dazzling Spray        Conj/Hex       #.....       21%         3    ###....


Dungeon Overview and Level Annotations

Branches:
Dungeon (3/15)

Altars:
Kikubaaqudgha


Innate Abilities, Weirdness & Mutations

Your plain brown scales are hard. (AC +5)
You cannot fit into any form of body armour.
You are cold-blooded and may be slowed by cold attacks.
You are somewhat resistant to further mutation.
Your spells are a little easier to cast, but a little less powerful.


Message History

You closely miss the orc. The orc completely misses you.
You hit the orc priest but do no damage.
The orc priest is lightly wounded.
The orc priest hits you but does no damage.
You are poisoned.
The orc hits you with a war axe.
You hit the orc priest.
You tail-slap the orc priest, but do no damage.
The orc priest is moderately wounded.
You feel sick.
The orc priest looks encouraged for a moment.
The orc closely misses you.
You closely miss the orc priest.
The orc priest is moderately wounded.
You feel sick.
The orc priest hits you with a short sword of venom!
* * * LOW HITPOINT WARNING * * *
You are more poisoned.
The orc hits you with a war axe!
You die...

............
............... ..
...........<... .###
..............#+#...#
...)............#...#
####................#
#................###.
####....................
......#.####....@o...#
......#.##.....#.o.[....
........##.....#........
......#........#........
......#........##.......
...............# #####..
................. .
...............###
......##.........


You could see an orc priest and an orc.

Vanquished Creatures
  A gnoll (D:1)
  3 adders
  3 leopard geckos
  2 orcs (D:3)
  3 giant cockroaches (D:1)
  3 goblins
  7 hobgoblins
  9 jackals (D:1)
  A ball python (D:1)
  6 bats
  2 frilled lizards (D:2)
  3 kobolds
  5 rats
48 creatures vanquished.

Notes
Turn   | Place    | Note
-------+----------+-------------------------------------------
     0 | D:1      | JeffiDaFish the Draconian Conjurer began the quest for the Orb.
     0 | D:1      | Reached XP level 1. HP: 14/14 MP: 3/3
   231 | D:1      | Reached XP level 2. HP: 11/20 MP: 3/5
   384 | D:1      | Learned a level 2 spell: Searing Ray
   679 | D:1      | Reached XP level 3. HP: 21/26 MP: 6/6
  1150 | D:1      | Learned a level 3 spell: Dazzling Spray
  1256 | D:1      | Gained mutation: Your spells are a little easier to cast, but a little less powerful. [potion of mutation]
  1256 | D:1      | Gained mutation: You are somewhat resistant to further mutation. [potion of mutation]
  1687 | D:2      | Found an ancient bone altar of Kikubaaqudgha.
  2141 | D:2      | Reached skill level 1 in Polearms
  2502 | D:2      | Reached XP level 4. HP: 33/33 MP: 5/7
  2978 | D:3      | Mangled by an orc

Vault maps used:
D:1:      dpeg_arrival_tiny_a
D:2:      minmay_door_path, overflow_temple_1_default
D:3:      minmay_distorted

Skill      XL: |  1  2  3 |
---------------+----------+-----
Dodging        | 2 |  2.5
Stealth        | 2 |  2.1
Polearms       | 1 |  1.2
Fighting       | |  0.2
Unarmed Combat | |  0.4
Spellcasting   | |  2.1
Conjurations   | |  4.8
Hexes          | |  0.5

Action                   |  1- 3 |  4- 6 || total
-------------------------+-------+-------++-------
Melee: Unarmed           |    71 |       ||    71
       Tailslap          |    10 |     8 ||    18
       Spear             |   114 |    60 ||   174
 Cast: Magic Dart        |    28 |    13 ||    41
       Searing Ray       |     3 |       ||     3
  Use: Potion            |     5 |     1 ||     6
       Scroll            |     4 |     1 ||     5
 Stab: Sleeping          |     6 |       ||     6
  Eat: Chunk             |     6 |     2 ||     8
Armor: Skin              |    68 |    17 ||    85
Dodge: Dodged            |   147 |    48 ||   195
